 Dungeon Crawl Stone Soup version 0.25-a0-1056-g2efb326896 (webtiles) character file.

Game seed: 17121689324212103003, levelgen mode: deterministic

122 Esekla the Magician (level 5, -1/33 HPs)
             Began as an Octopode Wizard on May 13, 2020.
             Was a Follower of Qazlal.
             Slain by a centaur zombie (7 damage)
             ... in an ossuary.
             The game lasted 00:26:11 (3217 turns).

Esekla the Magician (Octopode Wizard)               Turns: 3217, Time: 00:26:12

Health: -1/33      AC:  1    Str:  7    XL:     5   Next: 6%
Magic:  9/11       EV: 17    Int: 20    God:    Qazlal [*.....]
Gold:   138        SH:  1    Dex: 11    Spells: 3/12 levels left

rFire    . . .     SeeInvis .   f - +0 rapier
rCold    . . .     Gourm    .   (no shield)
rNeg     . . .     Faith    .   a - +0 hat
rPois    .         Spirit   .   (no amulet)
rElec    .         Reflect  .   h - +4 ring of evasion
rCorr    .         Harm     .   (no ring)
MR       .....                  (no ring)
Stlth    +++.......             (no ring)
HPRegen  0.11/turn              (no ring)
MPRegen  0.12/turn              (no ring)
                                (no ring)
                                (no ring)

@: no status effects
A: almost no armour, stealthy swim, amphibious, 8 rings, constrict 8, camouflage
1, gelatinous body 1
a: Renounce Religion


You were in an ossuary.
You worshipped Qazlal.
Qazlal was aware of your devotion.
You were not hungry.

You visited 2 branches of the dungeon, and saw 7 of its levels.
You also visited: Ossuary.

You collected 138 gold pieces.

Inventory:

Hand Weapons
 f - a +0 rapier (weapon)
 n - a +0 falchion
Missiles
 p - 12 poisoned darts (quivered)
Armour
 a - a +0 hat (worn)
Jewellery
 h - a +4 ring of evasion (left tentacle)
Scrolls
 b - a scroll of magic mapping
 d - a scroll of identify
 g - a scroll of amnesia {unknown}
 k - a scroll of teleportation {unknown}
 o - a scroll of enchant weapon {unknown}
Potions
 e - a potion of stabbing
 i - a potion of curing
 j - 2 potions of flight
 l - a potion of lignification
 m - a potion of magic {unknown}
Comestibles
 c - 2 rations


   Skills:
 * Level 1.0 Fighting
 + Level 0.5 Short Blades
 * Level 2.4 Dodging
 - Level 2.6 Stealth
 * Level 4.3 Spellcasting
 + Level 1.3 Conjurations
   Level 1.0 Summonings
 * Level 1.6 Translocations
 * Level 1.1 Fire Magic


You had 3 spell levels left.
You knew the following spells:

 Your Spells              Type           Power        Failure   Level  Hunger
a - Magic Dart            Conj           #...         8%          1    None
b - Blink                 Tloc           N/A          10%         2    #......
c - Mephitic Cloud        Conj/Pois/Air  #.......     30%         3    ###....
f - Conjure Flame         Conj/Fire      #.......     22%         3    ###....

Your spell library contained the following spells:

 Spells                   Type           Power        Failure   Level  Hunger
 Call Imp                 Summ           #.......     12%         2    #......
 Slow                     Hex            #.......     19%         2    #......


Dungeon Overview and Level Annotations

Branches:
Dungeon (6/15)             Temple (1/1) D:5         Ossuary (1/1)

Altars:
Ashenzari
Cheibriados
Elyvilon
Gozag
Hepliaklqana
Kikubaaqudgha
Makhleb
Nemelex Xobeh
Qazlal
Ru
Sif Muna
Trog
Vehumet
Xom
Zin


Innate Abilities, Weirdness & Mutations

You cannot wear most types of armour.
You are very stealthy in the water. (Stealth+)
You are amphibious.
You can wear up to eight rings at the same time.
You can use your tentacles to constrict eight enemies at once.
Your skin changes colour to match your surroundings (Stealth+).
Your rubbery body absorbs attacks. (AC +1, EV +1)


Message History

Casting: Magic Dart (safe; 8% risk of failure)
Confirm with . or Enter, or press ? or * to list all spells.
Aiming: Magic Dart (safe; 8% risk of failure)
Press: ? - help, Shift-Dir - straight line, f/p - big kobold zombie
Aim: a big kobold zombie (almost destroyed)
The magic dart hits the big kobold zombie but does no damage.
The big kobold zombie is almost destroyed.
The centaur zombie barely misses you.
The centaur zombie completely misses you.
The centaur zombie completely misses you.
Your magical contamination has completely faded away.
The centaur zombie barely misses you. The centaur zombie misses you.
The centaur zombie barely misses you. The centaur zombie closely misses you.
The centaur zombie closely misses you. The centaur zombie hits you.
* * * LOW HITPOINT WARNING * * *
The centaur zombie hits you!
You die...

#...#.......####.#...#
#...#.......# .#Z..#
#...#.......# .#...#
#...#.....∩.# ##...#
#...####+...... #...#
#..Z# #...### #...#
#...# #...# #...#
#...##############...#
#........@Z..........#
#.........∩∩.........#
######################


You could see a centaur zombie.

Vanquished Creatures
  A worker ant (D:5)
  A big kobold zombie (Ossuary)
  2 mummies (Ossuary)
  An adder (D:5)
  A shadow imp (D:5)
  An adder zombie (Ossuary)
  A dart slug (D:1)
  3 orcs (D:5)
  2 goblins
  A jackal (D:2)
  2 bats
  2 frilled lizards
  A goblin zombie (Ossuary)
  7 hobgoblin zombies (Ossuary)
  2 jackal zombies (Ossuary)
  A kobold (D:2)
  11 kobold zombies (Ossuary)
  7 orc zombies (Ossuary)
  A rat (D:2)
48 creatures vanquished.

Notes
Turn   | Place    | Note
-------+----------+-------------------------------------------
     0 | D:1      | Esekla the Octopode Wizard began the quest for the Orb.
     0 | D:1      | Reached XP level 1. HP: 11/11 MP: 4/4
   630 | D:1      | Reached XP level 2. HP: 16/17 MP: 3/6
   649 | D:1      | Learned a level 2 spell: Blink
  1556 | D:5      | Entered Level 5 of the Dungeon
  1604 | D:5      | Noticed an ogre
  1625 | D:6      | Noticed an ice beast
  1630 | D:6      | Noticed a bullfrog
  1642 | D:6      | Noticed an ice beast
  1642 | D:6      | Noticed a phantom
  1672 | D:5      | Reached XP level 3. HP: 21/21 MP: 2/8
  1732 | D:5      | Found a staircase to the Ecumenical Temple.
  1738 | Temple   | Entered the Ecumenical Temple
  1843 | Temple   | Became a worshipper of Qazlal Stormbringer
  1945 | D:5      | Reached skill level 4 in Spellcasting
  1945 | D:5      | Reached XP level 4. HP: 14/27 MP: 2/10
  1946 | D:5      | Found a sand-covered staircase.
  1956 | Ossuary  | Entered an ossuary
  1961 | Ossuary  | Learned a level 3 spell: Mephitic Cloud
  1965 | Ossuary  | Learned a level 3 spell: Conjure Flame
  2855 | Ossuary  | Reached skill level 1 in Fire Magic
  2939 | Ossuary  | Reached * piety under Qazlal
  3024 | Ossuary  | Reached skill level 1 in Fighting
  3024 | Ossuary  | Reached XP level 5. HP: 26/33 MP: 0/11
  3164 | Ossuary  | HP: 1/33 [elf zombie (8)]
  3217 | Ossuary  | Slain by a centaur zombie

Illustrated notes

Levels and vault maps discovered:
D:1:      noname_arrival_rooms_in_the_neighbourhood, layout_basic
D:2:      layout_basic
D:3:      minmay_bubble_buster, layout_basic, chequers_garden,
          minmay_stone_trees_medium, okawaru_altar_gauntlet_db
D:4:      minmay_skewed_foursquare, layout_basic
D:5:      layout_gridville, minmay_temple_entry_fiery, first_ration,
          enter_ossuary_2, serial_bayou_pond_c, nrook_uturn,
          hangedman_abyss_or_decor_passed, minmay_bent
D:6:      layout_loops_ring, corexii_shack
Temple:   eino_temple_scatter_basement
Ossuary:  ossuary_tomb_1

Skill      XL: |  1  2  3  4 |
---------------+-------------+-----
Spellcasting   | 4 |  4.3
Fire Magic     | 1 |  1.1
Fighting       | 1 |  1.0
Short Blades   | |  0.5
Dodging        | |  2.4
Stealth        | |  2.6
Conjurations   | |  1.3
Summonings     | |  1.0
Translocations | |  1.6

Action                   |  1- 3 |  4- 6 || total
-------------------------+-------+-------++-------
Melee: Dagger            |     9 |       ||     9
       Constrict         |     4 |    15 ||    19
       Rapier            |    11 |    42 ||    53
       Tentacles         |     2 |     4 ||     6
Throw: Dart              |     4 |       ||     4
 Cast: Magic Dart        |    29 |    71 ||   100
       Blink             |       |     7 ||     7
       Conjure Flame     |       |     3 ||     3
  Use: Scroll            |     5 |       ||     5
       Potion            |       |     1 ||     1
  Eat: Chunk             |     2 |       ||     2
       Ration            |       |     2 ||     2
Armor: Skin              |     1 |     3 ||     4
Dodge: Dodged            |    20 |    54 ||    74
Block: Other             |       |     5 ||     5

Table legend:
 A = Non-vault XP
 B = Vault XP
 C = Vault XP percentage of total XP
 D = Non-vault monster count
 E = Vault monster count
 F = Vault count percentage of total count
                 A         B        C        D         E       F
            +---------+---------+-------+---------+---------+-------
      Total |      84 |      91 |  52.0 |      16 |      32 |  66.7
            +---------+---------+-------+---------+---------+-------
        D:1 |       8 |       0 |   0.0 |       4 |       0 |   0.0
        D:2 |       8 |       0 |   0.0 |       6 |       0 |   0.0
        D:5 |      68 |       0 |   0.0 |       6 |       0 |   0.0
    Ossuary |       0 |      91 | 100.0 |       0 |      32 | 100.0
            +---------+---------+-------+---------+---------+-------
